Cogmind - Beta 16.1 @@@ ROGUE MODE // 2026.04.08 @ 18:05:53 Player: Maelyn Result: Destroyed by Y-45 Defender with Beam Rifle Performance ------------- Evolutions (1) 500 Regions Visited (2) 400 Robots Destroyed (28) 140 Value Destroyed (491) 491 Prototype IDs (0) 0 Alien Tech Used (0) 0 Bonus (0) 0 TOTAL SCORE: 1531 Bonus ------- None Cogmind --------- Core Integrity 0/400 Matter 288/300 Energy 264/265 System Corruption 1% Temperature Cool (47) Movement Treading (240) Ox1 Location -9/Materials Parts ------- > --- POWER (1) -------- Reinforced Ion Engine > --- PROPULSION (2) --- Light Treads > --- UTILITY (4) ------ Large Storage Unit Light Armor Plating > --- WEAPON (2) ------- Light Assault Rifle > --- INVENTORY (15) --- Ion Engine Improved Ion Engine Medium Storage Unit Small Laser Light Assault Rifle Peak State ------------ > --- POWER ------------ Ion Engine > --- PROPULSION ------- Light Treads Light Treads > --- UTILITY ---------- Medium Storage Unit Sensor Array Improved Terrain Scanner Seismic Detector > --- WEAPON ----------- Small Laser Light Assault Rifle > --- INVENTORY -------- Light Ion Engine Light Ion Engine Aluminum Leg Aluminum Leg Medium Laser Assault Rifle Light Assault Rifle [Rating: 11] Favorites ----------- Power Ion Engine Engine Ion Engine Propulsion Light Treads Treads Light Treads Leg Aluminum Leg Utility Medium Storage Unit Device Sensor Array Storage Medium Storage Unit Processor Visual Processing Unit Protection Light Armor Plating Weapon Light Assault Rifle Energy Gun Medium Laser Ballistic Gun Light Assault Rifle Build | -11 -10 -9 ------- Run | Yrd Mat Mat Slots Evolved 2 | . . 2 Power . | . . . Propulsion . | . . . Utility 2 | . . 2 Weapon . | . . . Parts Attached 27 | 6 3 18 Power 4 | 1 . 3 Engine 4 | 1 . 3 Core . | . . . Reactor . | . . . Propulsion 6 | 2 . 4 Treads 4 | 2 . 2 Leg 2 | . . 2 Wheel . | . . . Hover . | . . . Flight . | . . . Utility 9 | 1 2 6 Device 4 | . 1 3 Storage 3 | 1 1 1 Processor 1 | . . 1 Hackware . | . . . Protection 1 | . . 1 Artifact . | . . . Weapon 8 | 2 1 5 Energy Gun 3 | 1 1 1 Energy Cannon . | . . . Ballistic Gun 5 | 1 . 4 Ballistic Cannon . | . . . Launcher . | . . . Special Weapon . | . . . Impact Weapon . | . . . Slashing Weapon . | . . . Piercing Weapon . | . . . Special Melee Weapon . | . . . Unidentified Prototypes . | . . . Parts Lost 17 | . . 17 Power 2 | . . 2 Propulsion 5 | . . 5 Utility 5 | . . 5 Weapon 5 | . . 5 Highest Loss Streak 7 | . . 7 To Critical Strikes . | . . . Average Backups 6 | 4 7 5 Power 1 | 1 1 2 Propulsion 1 | 1 2 . Utility . | . 1 . Weapon 1 | 1 2 1 Tool/Special . | . . . Unused Backups 3 | . . 3 Power 2 | . . 2 Propulsion . | . . . Utility . | . . . Weapon 1 | . . 1 Tool/Special . | . . . Average Slot Usage (%) 78 | . 76 79 Engine 10 | . 14 8 Treads 14 | . 21 11 Leg 4 | . . 7 Device 13 | . 11 14 Storage 12 | . 14 12 Processor 2 | . . 3 Protection 1 | . . 1 Energy Gun 8 | . 7 8 Ballistic Gun 9 | . 7 11 Peak Build Rating 11 | 6 8 11 Average Rating 7 | 5 6 8 On Entrance 4 | . 6 8 Avg Prop Armor Cover (%) 11 | . . 11 Naked Turns . | . . . Heaviest Build 38 | 13 18 38 Greatest Support 43 | 40 40 43 Greatest Overweight (x) 5 | . . 5 Average Overweight (x) . | . . . Largest Inventory Capacity 15 | 8 10 15 Average Capacity 11 | 7 9 13 Most Carried 9 | 6 9 9 Average Carried 6 | 4 7 5 Final Capacity 15 | 8 10 15 Final Carried 9 | 6 9 5 Class Distribution -------------------- 90% | Mutant 9% | Scavenger-Mutant Dominant Class ---------------- Mutant | -10/Materials Mutant | -9/Materials Resources | -11 -10 -9 ----------- Run | Yrd Mat Mat Matter Collected 559 | 202 106 251 Remotely . | . . . Salvage Created 684 | 40 118 526 Parts 56 | 6 9 41 Haulers Intercepted . | . . . Recyclers Shooed . | . . . Parts Field Recycled . | . . . Retrieved Matter . | . . . Parts Self-Destructed . | . . . Prevented . | . . . Parts Restored . | . . . Kills | -11 -10 -9 ------- Run | Yrd Mat Mat Combat Hostiles Destroyed 24 | . 5 19 Guns 24 | . 5 19 Classes Destroyed 6 | 1 2 3 Tunneler 2 | 2 . . Watcher 2 | . . 2 Swarmer 16 | . 3 13 Grunt 6 | . 2 4 Brawler 1 | . . 1 Sentry 1 | . . 1 Best Kill Streak 6 | 1 3 6 Combat Bots Only 5 | . 3 5 Max Kills in Single Turn 2 | 1 2 1 Gunslinging 1 | . 1 . Exploded . | . . . Melee . | . . . Uniques/NPCs Destroyed . | . . . Combat | -11 -10 -9 -------- Run | Yrd Mat Mat Hostile Shots Fired 268 | . 43 225 Missed 69 | . 11 58 Hits 199 | . 32 167 Melee 2 | . . 2 Projectile 197 | . 32 165 Critical Strikes 5 | . . 5 Damage Taken 2030 | . 313 1717 Core 459 | . 47 412 Absorbed by Shields . | . . . Core Remaining (%) 90 | 100 81 . Volleys Fired 89 | 6 10 73 Largest 2 | 2 2 2 Hottest 90 | 70 60 90 Shots Fired 143 | 12 20 111 Gun 143 | 12 20 111 Cannon . | . . . Launcher . | . . . Special . | . . . Kinetic 97 | 6 10 81 Thermal 46 | 6 10 30 Explosive . | . . . Electromagnetic . | . . . Robot Hit Streak 8 | 5 4 8 Robot Miss Streak 5 | 4 2 5 Penetration Max . | . . . Secondary Targets 6 | . 1 5 Max Gunslinging Chain 1 | . 1 1 Shots Hit Robots 90 | 6 12 72 Core Hits 47 | 3 9 35 Critical Kills . | . . . Critical Parts Destroyed . | . . . Critical Strikes . | . . . Melee Attacks . | . . . Impact . | . . . Slashing . | . . . Piercing . | . . . Sneak Attacks . | . . . Combat Hostiles . | . . . Follow-up Attacks . | . . . Damage Inflicted 888 | 66 109 713 Guns 888 | 66 109 713 Cannons . | . . . Explosions . | . . . Melee . | . . . Ramming . | . . . Kinetic 560 | 15 46 499 Thermal 328 | 51 63 214 Explosive . | . . . Electromagnetic . | . . . Impact . | . . . Slashing . | . . . Piercing . | . . . Highest Corruption 1 | . . 1 Average Corruption 1 | . . 1 Corruption Purged . | . . . Corruption Blocked . | . . . Effects 1 | . . 1 Message Errors 1 | . . 1 Overload Shots . | . . . Overflow Damage . | . . . Projectiles . | . . . Explosions . | . . . Melee . | . . . Knockbacks . | . . . Impact . | . . . Kinetic . | . . . Secondary . | . . . Self-Inflicted Damage . | . . . Shots . | . . . Rammed . | . . . Targets Rammed . | . . . Kicked . | . . . Crushed . | . . . Highest Temperature 85 | 70 58 85 Average Temperature 23 | 26 24 22 Received Heat Transfer 459 | . 114 345 Siege Activations . | . . . Martial Activations . | . . . Shielding Activations . | . . . Robots Disrupted . | . . . Combat Hostiles . | . . . Robots Corrupted . | . . . Combat Hostiles . | . . . Parts Fried . | . . . Impact Corruptions . | . . . Robots Melted . | . . . Combat Hostiles . | . . . Parts Melted . | . . . Heat Transferred 868 | 148 150 570 Parts Sabotaged . | . . . Parts Stolen . | . . . Parts Stripped . | . . . Power Chain Reactions . | . . . Alert | -11 -10 -9 ------- Run | Yrd Mat Mat Maximum Alert Level . | . . . Low Security (%) 100 | 100 100 100 Level 1 . | . . . Level 2 . | . . . Level 3 . | . . . Level 4 . | . . . Level 5 . | . . . High Security . | . . . Max Security . | . . . Peak Influence 145 | 5 70 145 Initial 20 | . . 20 Average 58 | . 16 89 Influence Increases 674 | 10 120 544 Destroy 0b10 Robot/C 480 | . 100 380 Destroy 0b10 Robot/NC 20 | 10 . 10 Destroy Leader 84 | . 20 64 Lose Combat Pursuer 90 | . . 90 Influence Decreases 598 | 10 70 518 Entered New Map 30 | . . 30 Time Decay 398 | 10 70 318 Lost Part 170 | . . 170 Squads Dispatched 2 | . 1 1 Investigation . | . . . Extermination . | . . . Reinforcement 2 | . 1 1 Assault . | . . . Garrison . | . . . Intercept . | . . . Searches Triggered . | . . . Construction Impeded . | . . . Haulers Reinforced . | . . . Active Scanning Responses . | . . . Cargo Convoy Interrupts . | . . . Stealth | -11 -10 -9 --------- Run | Yrd Mat Mat Distress Signals 3 | . 1 2 Communications Jammed . | . . . Distress Signals . | . . . Times Spotted 45 | . 9 36 Peak Tracking Total 5 | . 4 5 Tactical Retreats 3 | . . 3 Traps | -11 -10 -9 ------- Run | Yrd Mat Mat Traps Triggered 1 | . 1 . Indirectly . | . . . Trap Hack Attempts . | . . . Triggered . | . . . Disarmed . | . . . Reprogrammed . | . . . Reused . | . . . Traps Extracted . | . . . Installed . | . . . Triggered . | . . . Machines | -11 -10 -9 ---------- Run | Yrd Mat Mat Machines Disabled . | . . . Max in Single Turn . | . . . Machines Repaired . | . . . Machines Dismantled . | . . . Machines Sabotaged . | . . . Overloaded Fab Kills . | . . . Hacking | -11 -10 -9 --------- Run | Yrd Mat Mat Machines Accessed . | . . . Terminals . | . . . Fabricators . | . . . Repair Stations . | . . . Recycling Units . | . . . Scanalyzers . | . . . Garrison Access . | . . . Total Hacks . | . . . Successful . | . . . Failed . | . . . Catastrophic . | . . . Database Lockouts . | . . . Manual . | . . . Terminals . | . . . Fabricators . | . . . Repair Stations . | . . . Recycling Units . | . . . Scanalyzers . | . . . Garrison Access . | . . . Terminal Hacks . | . . . Fabricator Hacks . | . . . Repair Station Hacks . | . . . Recycling Unit Hacks . | . . . Scanalyzer . | . . . Garrison Access Hacks . | . . . Unauthorized Hacks . | . . . Terminals . | . . . Fabricators . | . . . Repair Stations . | . . . Recycling Units . | . . . Scanalyzers . | . . . Garrison Access . | . . . Data Cores Recovered . | . . . Used . | . . . Hacking Detections . | . . . Full Trace Events . | . . . Feedback Events . | . . . Feedback Blocked . | . . . Robot Schematics Acquired . | . . . Robots Built . | . . . Authchips . | . . . Time . | . . . Total Robot Build Rating . | . . . Part Schematics Acquired . | . . . Parts Built . | . . . Authchips . | . . . Time . | . . . Total Part Build Rating . | . . . Part Studies Acquired . | . . . Parts Repaired . | . . . Time . | . . . Parts Recycled . | . . . Recycled Matter . | . . . Retrieved Matter . | . . . Retrieved Components . | . . . Parts Scanalyzed . | . . . Part Schematics Acquired . | . . . Parts Damaged . | . . . Bothacking | -11 -10 -9 ------------ Run | Yrd Mat Mat Used RIF Installer . | . . . Robots Hacked . | . . . Non-combat . | . . . Combat . | . . . Robot Hacks Applied . | . . . Relay Couplers Released . | . . . Fabnet Peak Effective % . | . . . Robots Rewired . | . . . Allies Hacked . | . . . Hacks Repelled . | . . . Allies | -11 -10 -9 -------- Run | Yrd Mat Mat Total Allies . | . . . Largest Group . | . . . Highest-Rated Group . | . . . Highest-Rated Ally . | . . . Total Orders . | . . . Ally Attacks . | . . . Total Damage . | . . . Kills . | . . . Allies Corrupted . | . . . Allies Melted . | . . . Intel | -11 -10 -9 ------- Run | Yrd Mat Mat Active Infowar (turns) 888 | . 299 589 Optics 244 | . . 244 Sensors 415 | . . 415 Terrain 213 | . . 213 Seismic 411 | . 299 112 Robot Analysis Total . | . . . Derelict Logs Recovered . | . . . Drone Launches . | . . . Drone Recoveries . | . . . Exploration | -11 -10 -9 ------------- Run | Yrd Mat Mat Turns Passed 1195 | 136 343 716 Spaces Moved 553 | 74 190 289 Core 21 | 13 . 8 Treads 423 | 61 190 172 Legs 109 | . . 109 Wheels . | . . . Hover . | . . . Flight . | . . . Fastest Speed 50 | 50 160 120 Average Speed 165 | 140 160 175 Slowest Speed 300 | 160 160 300 Overloaded Moves . | . . . Propulsion Burnouts . | . . . Robots Hopped . | . . . Potential Cave-ins . | . . . Cave-ins Triggered . | . . . Exploration Rate (%) 24 | 3 40 30 Regions Visited 2 Branch Regions . Pre-discovered Areas . | . . . Known Exits Taken . | . . . Unknown Exits Taken 2 | 1 1 . Scrap Searched . | . . . Spaces Dug . | . . . Terrain Destroyed . | . . . Melee . | . . . Projectile . | . . . AOE . | . . . Terrain Rammed . | . . . Walls Destroyed . | . . . Machines Disabled . | . . . Actions | -11 -10 -9 --------- Run | Yrd Mat Mat Total 705 | 94 212 399 Wait . | . . . Move 551 | 73 189 289 Hop . | . . . Pick Up 30 | 9 7 14 Fast Attach 3 | 3 . . Attach 22 | 3 4 15 Detach . | . . . Swap 6 | . 1 5 Drop 4 | . 1 3 Fire 89 | 6 10 73 Melee . | . . . Ram . | . . . Kick . | . . . Crush . | . . . Escape Stasis . | . . . Rewire . | . . . Trap . | . . . Miscellaneous . | . . . Route ------- -11/Scrapyard -10/Materials -9/Materials History --------- Turn | Location | Event 36 | -11/Scrapyard | Discovered new exit (range 15) 137 | -11/Scrapyard | Entered Materials 138 | -10/Materials | Met a group of wandering Federalists 326 | -10/Materials | Build established: Mutant 466 | -10/Materials | Discovered new exit (range 10) 480 | -10/Materials | Entered another Materials area 480 | -9/Materials | Evolved 2 slots: Utility x2 695 | -9/Materials | Core integrity fell below 50% 725 | -9/Materials | Lost 5 parts (2n1u2w) 1000 | -9/Materials | Lost 7 parts (1p2n2u2w) 1050 | -9/Materials | Core integrity fell below 20% 1196 | -9/Materials | Destroyed by Y-45 Defender with Beam Rifle Last Messages --------------- 01052_ G-34 Mercenary destroyed. 01069_ Visual Processing Unit destroyed. 01069_ System corrupted by crushing effect (+1). 01070_ B-36 Bruiser destroyed. 01071_ Y0D0CZ3OOU7FOJD0POBTD|1|K5LF 01073_ R-06 Scavenger collects Aluminum Leg. 01075_ Acquired Lgt. Armor Plating. 01077_ R-06 Scavenger collects Aluminum Leg. 01079_ Acquired Lgt. Treads. 01081_ Acquired 54 matter. 01081_ R-06 Scavenger collects Heat Sink. 01084_ Acquired Rnf. Ion Engine. 01086_ R-06 Scavenger collects Hover Unit. 01087_ Acquired 6 matter. 01092_ Acquired 4 matter. 01158_ Dropped Lgt. Ion Engine. 01165_ Acquired Imp. Ion Engine. 01166_ Lgt. Assault Rifle destroyed. 01181_ Critical hit (Burn: +37). 01184_ Imp. Treads destroyed. Map ----- +----------------------------------------------------+ | ??????????? ????????????????????????????? | | ??????????? #???????????????????????????? | | ?????????? #???????????????????????????? | | ?????????? #???????????????????????????? | | ?????????? #???????????????????????????? | | ????????? #???????????????????????????? | | ???????????? #???????????????????????????? | | """ ?????????????" #???????????????????????????? | | """ ?????????????" #???????????????????????????? | | """ """ ????????" +???????????????????????????? | | ?????? #???????????????????????????? | | ?????? #???????????????????????????? | | #######??????????# #???????????????????????????? | | ?????????????????# #???????????????????????????? | | ################## #+#?????????????????????????? | | / % % # #?????????????????????????? | | # #?????????????????????????? | | # #?????????????????????????? | | ###+######+########### #?????????????????????????? | | ?# # [ ####### #####+#####???????????????? | | ?# T # ! + ???????????? | | ?# # ###### ] ???????????? | | ?# # #????#m####Y########??????????????? | | ## # """ #????# Y #????????????????? | | / # """"" #????#** #????????????????? | | ## # """"" #????# @ #????????????????? | | ?# # """"" #????# #????????????????? | | ?# # """ #????# #????????????????? | | ?###############????# #????????????????? | | ????????????????????# #????????????????? | | ????????????????????#############????????????????? | | | | | | | | | | | | | | | | | | | | | | | | | | | | | | | | | | | | | | | +----------------------------------------------------+ Best States ------------- Heat Dissipation 38 Energy Generation 12 Energy Capacity 265 Matter Stores 300 Matter Capacity 300 Sight Range 18 Robot Scan Range 14 Terrain Scan Range 16 Terrain Scan Density 10 Armor Coverage 150 Evasion (%) 50 Recoil Reduction 2 Item Schematics ----------------- None Robot Schematics ------------------ None Fabricated ------------ Nothing Repaired ---------- Nothing Studied --------- None Alien Tech Used ----------------- None Achievements -------------- None Challenges ------------ None Game ------ Seed CarbideFieldMindspike Manual? 0 Play Time 00:11:35 Cumulative 21.7 hours Start 2026.04.08 @ 17:56:13 End 2026.04.08 @ 18:05:53 Sessions 1 Manual Loads 0 Difficulty Rogue Special Mode None Game No. 61 Rogue 61 Adventurer 0 Explorer 0 Win Type - Total 0 Types 0/0/0/0/0/0/0/0/0/0 Lore% 10 Gallery% 20 Achievement% 12 Wizard Run 0 Options --------- Layout 1 ASCII 0 Keyboard 0 Movement Mouse Keybinds 0 Fullscreen 0 Font 14/TerminusBold Map View 64x42 Zoom Use 0% Tactical HUD 1 Map Filters NONE Filters NONE Steam 1 RUN: 57714426-fc8e-4c09-b301-92cc0995f7ce